 Dungeon Crawl Stone Soup version 0.28.0 (webtiles) character file.

Game seed: 9995872910539525165

93 Dani the Magician (level 4, -1/24 HPs)
             Began as a Deep Elf Transmuter on Feb 7, 2022.
             Slain by a river rat (7 damage)
             ... in a sewer.
             The game lasted 00:15:05 (3884 turns).

Dani the Magician (Deep Elf Transmuter)             Turns: 3884, Time: 00:15:05

Health: -1/24      AC:  3    Str:  9    XL:     4   Next: 36%
Magic:  3/12       EV: 12    Int: 18    God:
Gold:   112        SH:  5    Dex: 15    Spells: 8/12 levels left

rFire   + . .      SeeInvis .   h - +0 trident
rCold   . . .      Faith    .   (no shield)
rNeg    . . .      Spirit   .   b - +0 leather armour
rPois   .          Reflect  +   (no helmet)
rElec   .          Harm     .   (no cloak)
rCorr   .          Rampage  .   (no gloves)
Will    .....                   (no boots)
Stlth   +.........              d - amulet of reflection
HPRegen 0.08/turn               f - ring of protection from fire
MPRegen 0.13/turn               (no ring)

@: wereblooded
A: no striking features
a: no special abilities


You were in a sewer.
You visited 1 branch of the dungeon, and saw 3 of its levels.
You also visited: Sewer.

You collected 112 gold pieces.

Inventory:

Hand Weapons
 e - a +0 dagger
   (You took it off a goblin on level 2 of the Dungeon)
 h - a +0 trident (weapon)
   (You took it off a hobgoblin on level 2 of the Dungeon)
Armour
 a - a +0 robe
 b - a +0 leather armour (worn)
   (You found it on level 1 of the Dungeon)
Jewellery
 d - an amulet of reflection (around neck)
   (You found it on level 1 of the Dungeon)
 f - a ring of protection from fire (left hand)
   (You found it on level 1 of the Dungeon)
Scrolls
 c - a scroll of summoning
 i - 2 scrolls of immolation {unknown}


   Skills:
 - Level 0.7 Fighting
 - Level 3.0 Dodging
 - Level 2.7 Unarmed Combat
 + Level 4.8 Spellcasting
 + Level 1.5 Conjurations
 - Level 2.6 Transmutations


You had 8 spell levels left.
You knew the following spells:

 Your Spells              Type           Power      Damage    Failure   Level
a - Beastly Appendage     Tmut           28%        N/A       6%          1
b - Magic Dart            Conj           36%        1d4       11%         1
c - Wereblood             Tmut           14%        N/A       10%         2

Your spell library contained the following spells:

 Spells                   Type           Power      Damage    Failure   Level
 Searing Ray              Conj           18%        2d5       16%         2
 Spider Form              Tmut/Pois      9%         N/A       32%         3
 Ice Form                 Ice/Tmut       9%         N/A       73%         4
 Fulminant Prism          Conj/Hex       3%         3d6       80%         4


Dungeon Overview and Level Annotations

Branches:
Dungeon (3/15)              Sewer (1/1)

Altars:
Fedhas

Shops:
D:1 =


Message History

Aim: a rat (100% to hit)
The magic dart hits the rat.
You kill the rat!
Casting: Magic Dart (safe; 11% risk of failure)
Confirm with . or Enter, or press ? or * to list all spells.
Aiming: Magic Dart (safe; 11% risk of failure)
Press: ? - help, Shift-Dir - straight line, f - rat
Aim: a rat (100% to hit)
The magic dart hits the rat.
The rat is severely wounded.
Casting: Magic Dart (safe; 11% risk of failure)
Confirm with . or Enter, or press ? or * to list all spells.
Aiming: Magic Dart (safe; 11% risk of failure)
Press: ? - help, Shift-Dir - straight line, f/p - rat
Aim: a rat (severely wounded, 100% to hit)
The magic dart hits the rat.
You kill the rat!
Found a glowing drain.
Your magical contamination has completely faded away.
You enter the shallow water.
Moving in this stuff is going to be slow.
There is a glowing drain here.
The world spins around you as you enter the gateway.
You enter a sewer!
Found a gate leading back out of this place.
There is an empty arch of ancient stone here.
Okay, then.
Memorise Wereblood, consuming 2 spell levels and leaving 8?
You start memorising the spell.
You continue memorising. x2
You finish memorising.
Spell assigned to 'c'.
Casting: Magic Dart (safe; 11% risk of failure)
Confirm with . or Enter, or press ? or * to list all spells.
Your blood is infused with primal strength.
The rat twitches its whiskers.
The rat barely misses you.
Casting: Wereblood (safe; 10% risk of failure)
Confirm with . or Enter, or press ? or * to list all spells.
Aiming: Magic Dart (safe; 11% risk of failure)
Press: ? - help, Shift-Dir - straight line, f - rat
Aim: a rat (100% to hit)
The magic dart hits the rat.
You kill the rat!
Casting: Magic Dart (safe; 11% risk of failure)
Confirm with . or Enter, or press ? or * to list all spells.
Aiming: Magic Dart (safe; 11% risk of failure)
Press: ? - help, Shift-Dir - straight line, f - river rat
Aim: a river rat (100% to hit)
The magic dart hits the river rat.
The river rat is heavily wounded.
The river rat misses you.
You hit the river rat.
The river rat is heavily wounded.
The river rat barely misses you. The river rat bites you!
Number of times to repeat, then command key: 2 Enter command to be repeated: Unknown command, not repeating.
Unknown command.
Casting: Magic Dart (safe; 11% risk of failure)
Confirm with . or Enter, or press ? or * to list all spells.
Aiming: Magic Dart (safe; 11% risk of failure)
Press: ? - help, Shift-Dir - straight line, f/p - river rat
Aim: a river rat (heavily wounded, 100% to hit)
The magic dart hits the river rat but does no damage.
The river rat is heavily wounded.
The river rat barely misses you.
Casting: Magic Dart (safe; 11% risk of failure)
Confirm with . or Enter, or press ? or * to list all spells.
Aiming: Magic Dart (safe; 11% risk of failure)
Press: ? - help, Shift-Dir - straight line, f/p - river rat
Aim: a river rat (heavily wounded, 100% to hit)
The magic dart hits the river rat but does no damage.
The river rat is heavily wounded.
The river rat barely misses you. The river rat bites you!
* * * LOW HITPOINT WARNING * * *
Casting: Magic Dart (safe; 11% risk of failure)
Confirm with . or Enter, or press ? or * to list all spells.
Aiming: Magic Dart (safe; 11% risk of failure)
Press: ? - help, Shift-Dir - straight line, f/p - river rat
Aim: a river rat (heavily wounded, 100% to hit)
The magic dart hits the river rat but does no damage.
The river rat is heavily wounded.
The river rat bites you.
* * * LOW HITPOINT WARNING * * *
The river rat closely misses you.
Casting: Magic Dart (safe; 11% risk of failure)
Confirm with . or Enter, or press ? or * to list all spells.
Aiming: Magic Dart (safe; 11% risk of failure)
Press: ? - help, Shift-Dir - straight line, f/p - river rat
Aim: a river rat (heavily wounded, 100% to hit)
The magic dart hits the river rat but does no damage.
The river rat is heavily wounded.
The river rat bites you.
* * * LOW HITPOINT WARNING * * *
You block the river rat's attack.
You aren't carrying any potions.
Unknown command.
As you read the scroll labelled QINOOM HIFALL, it crumbles to dust.
Wisps of shadow whirl around you...
It was a scroll of summoning.
The river rat bites you!
You die...

#.#
#.#
#.#
#.#
#.#
#r#
#r#
#r#
#@#
#r#
#l#
#.#
#.#
#≈#
#≈#
#≈#


You could see 2 river rats, 2 rats and a friendly frilled lizard (summoned).

Vanquished Creatures
  2 adders (D:2)
  3 dart slugs
  4 bats
  8 endoplasms
  2 giant cockroaches (D:1)
  5 goblins
  7 hobgoblins
  3 jackals (D:1)
  4 quokkas
  4 ball pythons
  8 frilled lizards
  5 kobolds
  8 rats
63 creatures vanquished.

Vanquished Creatures (others)
  2 fungi (D:3)
  2 plants (D:3)
4 creatures vanquished.

Grand Total: 67 creatures vanquished

Notes
Turn   | Place    | Note
-------+----------+-------------------------------------------
     0 | D:1      | Dani the Deep Elf Transmuter began the quest for the Orb.
     0 | D:1      | Reached XP level 1. HP: 11/11 MP: 6/6
   245 | D:1      | Reached XP level 2. HP: 16/16 MP: 6/8
   425 | D:1      | Found Qoxzeh's One-of-a-Kind Rings.
   734 | D:1      | Reached XP level 3. HP: 13/20 MP: 8/10
   905 | D:1      | You fall into a shaft and drop 1 floor!
   989 | D:1      | Reached skill level 4 in Spellcasting
  1190 | D:1      | Learned a level 1 spell: Magic Dart
  1419 | D:2      | Reached skill level 3 in Dodging
  1874 | D:2      | HP: 3/20 [adder (3)]
  2313 | D:2      | Reached skill level 1 in Conjurations
  2660 | D:1      | Reached XP level 4. HP: 21/24 MP: 3/12
  3258 | D:2      | Found a blossoming altar of Fedhas.
  3861 | D:3      | Found a glowing drain.
  3870 | Sewer    | Entered a sewer
  3874 | Sewer    | Learned a level 2 spell: Wereblood
  3883 | Sewer    | HP: 5/24 [river rat (2)]
  3884 | Sewer    | Slain by a river rat

Illustrated notes

Levels and vault maps discovered:
D:1:      saegor_arrival_simple_b, layout_loops_ring, kennysheep_crisscross,
          nicolae_shop_unique_rings, bh_walls_and_bars
D:2:      layout_loops_cross, basic_altar, lightli_corner_chamber
D:3:      layout_basic, mainiacjoe_overflow_alcove_1, portal_sewer_entry_b,
          shapermc_ecumenical_altar_mp_urbaneastern
Sewer:    sewer_kobolds

Skill      XL: |  1  2  3 |
---------------+----------+-----
Spellcasting   | 4 |  4.8
Dodging        | 3 |  3.0
Conjurations   | 1 |  1.5
Fighting       | |  0.7
Unarmed Combat | |  2.7
Transmutations | |  2.6

Action                   |  1- 3 |  4- 6 || total
-------------------------+-------+-------++-------
Melee: Unarmed           |    85 |       ||    85
       Headbutt          |    13 |       ||    13
       Kick              |    25 |       ||    25
       Dagger            |    13 |     5 ||    18
       Punch             |     1 |       ||     1
       Trident           |       |     9 ||     9
 Cast: Beastly Appendage |    17 |       ||    17
       Magic Dart        |    69 |    64 ||   133
       Wereblood         |       |     1 ||     1
  Use: Scroll            |       |     2 ||     2
 Stab: Sleeping          |     1 |       ||     1
Armor: Leather armour    |    23 |     4 ||    27
Dodge: Dodged            |    76 |    16 ||    92
Block: Other             |     6 |     4 ||    10

Table legend: (Time is in decaauts)
 A = Elapsed time spent in this place.
 B = Non-inter-level travel time spent in this place.
 C = Inter-level travel time spent in this place.
 D = Time resting spent in this place.
 E = Time spent auto-exploring this place.
 F = Levels seen in this place.
 G = Mean time per level.
                   A        B        C        D        E       F      G
               +--------+--------+--------+--------+--------+-----+--------+
         Total |   3886 |   3787 |     99 |    616 |   2297 |   4 |  971.5 |
       Dungeon |   3871 |   3772 |     99 |    616 |   2297 |   3 | 1290.3 |
         Sewer |     14 |     14 |      0 |      0 |      0 |   1 |   14.0 |
               +--------+--------+--------+--------+--------+-----+--------+

Top non-repeatable levels by time:
     D:1: 1984 daAuts
     D:2: 1653 daAuts
     D:3: 233 daAuts
   Sewer: 14 daAuts

Table legend:
 A = Kills in this place as a percentage of kills in entire the game.
 B = Kills by you in this place as a percentage of kills by you in the entire game.
 C = Kills by friends in this place as a percentage of kills by friends in the entire game.
 D = Other kills in this place as a percentage of other kills in the entire game.
 E = Experience gained in this place as a percentage of experience gained in the entire game.
 F = Experience gained in this place divided by the number of levels of this place that you have seen.
                   A       B       C       D       E      F
               +-------+-------+-------+-------+-------+----------------------
         Total | 100.0 | 100.0 |   N/A |   N/A | 100.0 |  33.2
       Dungeon |  98.4 |  98.4 |   N/A |   N/A |  99.2 |  44.0
         Sewer |   1.6 |   1.6 |   N/A |   N/A |   0.8 |   1.0
               +-------+-------+-------+-------+-------+----------------------
